 Dungeon Crawl Stone Soup version 0.28-a0-474-g535839065c (webtiles) character file.

Game seed: 15368091107282055417

22386 frimble the Covert (level 12, -1/89 HPs)
             Began as an Octopode Warper on Sept 16, 2021.
             Was a Believer of Cheibriados.
             Slain by a faun (16 damage)
             ... on level 1 of the Orcish Mines.
             The game lasted 00:39:40 (26711 turns).

frimble the Covert (Octopode Warper)               Turns: 26711, Time: 00:39:41

Health: -1/89      AC:  1    Str: 15    XL:     12   Next: 99%
Magic:  12/16      EV: 16    Int: 26    God:    Cheibriados [**....]
Gold:   771        SH:  0    Dex: 16    Spells: 12/17 levels left

rFire   . . .      SeeInvis .   a - +6 quick blade
rCold   . . .      Faith    .   (no shield)
rNeg    . . .      Spirit   .   (helmet restricted)
rPois   +          Reflect  .   q - amulet of the acrobat
rElec   .          Harm     .   t - ring of poison resistance
rCorr   .          Rampage  .   (no ring)
Will    .....                   (no ring)
Stlth   +++.......              (no ring)
HPRegen 0.24/turn               (no ring)
MPRegen 0.15/turn               (no ring)
                                (no ring)
                                (no ring)

@: lit by a corona, slowed, glowing, very slow
A: almost no armour, amphibious, 8 rings, camouflage 1, gelatinous body 1,
(nimble swimmer 1), tentacles
a: Renounce Religion, Bend Time


You were on level 1 of the Orcish Mines.
You worshipped Cheibriados.
Cheibriados was pleased with you.
You visited 4 branches of the dungeon, and saw 19 of its levels.
You also visited: Sewer.

You collected 825 gold pieces.
You spent 54 gold pieces at shops.

Inventory:

Hand Weapons
 a - a +6 quick blade (weapon)
 b - a +2 vampiric dagger
Missiles
 c - 4 boomerangs of dispersal
 n - 56 poisoned darts (quivered)
 s - 2 throwing nets
Armour
 E - a +0 kite shield
Jewellery
 q - an amulet of the acrobat (around mantle)
 t - a ring of poison resistance (left tentacle)
 A - an amulet of guardian spirit
 B - an amulet of reflection
Wands
 o - a wand of flame (13)
 y - a wand of acid (6)
 F - a wand of polymorph (3)
Scrolls
 g - 4 scrolls of teleportation
 h - 2 scrolls of blinking
 p - a scroll of amnesia
 r - 5 scrolls of identify
 v - 2 scrolls of fog
 C - a scroll of magic mapping
Potions
 d - 4 potions of magic
 e - 4 potions of brilliance
 f - 4 potions of might
 i - 5 potions of haste
 j - 4 potions of invisibility
 k - 2 potions of mutation
 l - 2 potions of flight
 m - a potion of cancellation
 u - a potion of heal wounds
 w - 2 potions of ambrosia
 x - 2 potions of resistance
 D - 3 potions of curing


   Skills:
 + Level 10.8 Fighting
 - Level 10.0 Short Blades
 - Level 6.0 Throwing
 + Level 5.9 Dodging
 + Level 11.0 Stealth
 - Level 3.0 Spellcasting
 - Level 5.7 Translocations
 - Level 6.7 Ice Magic
 + Level 5.7 Invocations
 - Level 5.0 Evocations


You had 12 spell levels left.
You knew the following spells:

 Your Spells              Type           Power      Damage    Failure   Level
a - Blink                 Tloc           N/A        N/A       1%          2
b - Frozen Ramparts       Ice            78%        1d9       1%          3

Your spell library contained the following spells:

 Spells                   Type           Power      Damage    Failure   Level
 Gell's Gravitas          Tloc           16%        N/A       2%          3
 Lesser Beckoning         Tloc           33%        N/A       2%          3
 Teleport Other           Tloc           33%        N/A       2%          3
 Ensorcelled Hibernation  Hex/Ice        42%        N/A       3%          2
 Magic Dart               Conj           12%        1d3       10%         1
 Call Imp                 Summ           3%         N/A       14%         2
 Corpse Rot               Necr/Air       N/A        N/A       14%         2
 Poisonous Vapours        Pois/Air       6%         N/A       14%         2
 Searing Ray              Conj           6%         2d4       14%         2
 Ice Form                 Ice/Tmut       21%        N/A       24%         4
 Summon Ice Beast         Ice/Summ       21%        N/A       24%         4
 Manifold Assault         Tloc           33%        N/A       24%         5
 Dazzling Flash           Conj/Hex       6%         N/A       28%         3
 Mephitic Cloud           Conj/Pois/Air  3%         N/A       28%         3
 Spider Form              Tmut/Pois      1%         N/A       28%         3
 Fulminant Prism          Conj/Hex       1%         3d6       67%         4
 Agony                    Necr           3%         N/A       95%         5
 Silence                  Hex/Air        1%         N/A       95%         5


Dungeon Overview and Level Annotations

Branches:
Dungeon (12/15)            Temple (1/1) D:7            Lair (5/6) D:9
 Shoals (0/4) Lair:4       Spider (0/4) Lair:2          Orc (1/2) D:9
  Sewer (visited)
  Slime: Lair:5-6

Altars:
Ashenzari
Cheibriados
Dithmenos
Elyvilon
Fedhas
Gozag
Hepliaklqana
Kikubaaqudgha
Makhleb
Okawaru
Qazlal
Ru
Sif Muna
Trog
Uskayaw
Vehumet
Wu Jian
Yredelemnul
Zin
The Shining One

Shops:
D:2 !   Orc:1 *

Annotations:
D:11 exclusion: hydra
Lair:1 exclusion: hydra
Lair:2 2 exclusions
Lair:4 exclusion: elephant


Innate Abilities, Weirdness & Mutations

You cannot wear most types of armour.
You are amphibious.
You can wear up to eight rings at the same time.
Your skin changes colour to match your surroundings (Stealth+).
Your rubbery body absorbs attacks. (AC +1, EV +1)
((You are camouflaged near water. (Stealth+)))
You have tentacles for arms and can constrict up to eight enemies at once.


Message History

You blink.
Found 43 gold pieces.
Unknown command.
Aiming: Polymorph
Press: ? - help, Shift-Dir - straight line, f/p - two-headed ogre
Aim: a two-headed ogre, wielding a +0 dire flail and a +0 giant spiked club (moderately wounded, will become a faun, a merfolk, or a mana viper, chance to affect: 43%)
The two-headed ogre resists with some effort.
Aiming: Polymorph
Press: ? - help, Shift-Dir - straight line, f/p - two-headed ogre
Aim: a two-headed ogre, wielding a +0 dire flail and a +0 giant spiked club (moderately wounded, will become a faun, a merfolk, or a mana viper, chance to affect: 43%)
The two-headed ogre evaporates and reforms as a faun!
The faun points at you and mumbles some strange words.
You are outlined in light.
Okay, then.
Unknown command.
Throw: 57 darts (poison)
Press: ? - help, Q - select action, (/) - cycle Shift-Dir - straight line, f/p - faun
Aim: a faun (lightly wounded, 68% to hit)
You throw a poisoned dart.
The poisoned dart closely misses the faun.
You puncture the faun! Your grab misses the faun.
The faun is moderately wounded.
You puncture the faun! You grab the faun.
The faun is heavily wounded.
You constrict the faun. The faun hits you!
* * * LOW HITPOINT WARNING * * *
You puncture the faun!
The faun is severely wounded.
You constrict the faun. You puncture the faun!
You squeeze the faun, but do no damage.
The faun is almost dead.
You constrict the faun. The faun hits you.
* * * LOW HITPOINT WARNING * * *
You hit the faun.
The faun is almost dead.
You constrict the faun. You hit the faun but do no damage.
The faun is almost dead.
You constrict the faun, but do no damage.
The faun hits you!
You die...

. . ## .$ ... ..#...
#..$#####...#..
####...........#
........@.#
...##...c.# ##
...#.......
#.##..$..(.....#
###$..#...)##.....#
.#............##...##
# ...
#...............###.
..#. #..
.....##...###....# #.
##...##..
#..#.....#....####
.#.....#..


You could see a faun.

Vanquished Creatures
  Josephine (Orc:1)
  A hydra (Lair:1)
  A centaur warrior (D:10)
  3 two-headed ogres
  Urug (D:11)
  Pikel (D:5)
  A manticore (D:11)
  A black mamba (Lair:2)
  Maurice (D:9)
  An elephant (Lair:3)
  3 cane toads
  A gargoyle (D:12)
  3 komodo dragons
  Grinder (D:5)
  A hornet (D:10)
  Prince Ribbit (D:9)
  6 dream sheep (Lair:3)
  11 blink frogs
  A shadow (D:9)
  5 wraiths (Orc:1)
  17 yaks
  5 wyverns
  Grum (D:8)
  A steam dragon (D:8)
  4 wargs (D:9)
  2 acid dragons
  6 water moccasins
  Duvessa (D:7)
  6 orc warriors
  An ice beast (D:6)
  A black bear (D:5)
  A sky beast (D:7)
  2 ogres
  4 wolves (D:8)
  A lemure (D:5)
  A centaur (D:7)
  2 phantoms
  4 kobold brigands
  2 gnoll sergeants
  6 bullfrogs
  2 scorpions
  Dowan (D:7)
  3 water moccasin skeletons
  5 wights (D:7)
  5 howler monkeys
  3 centaur zombies
  3 hounds
  5 orc priests
  4 iguanas (D:6)
  6 orc wizards
  Natasha (D:2)
  A killer bee zombie (D:7)
  4 howler monkey zombies
  11 adders
  8 gnolls
  A howler monkey skeleton (D:5)
  5 river rats (Sewer)
  4 white imps
  An ufetubus (D:6)
  4 worms
  2 dart slugs
  30 orcs
  9 ball pythons
  2 endoplasms
  5 giant cockroaches
  5 goblins
  11 hobgoblins
  6 jackals
  8 bats
  8 frilled lizards
  26 kobolds
  27 rats
329 creatures vanquished.

Vanquished Creatures (others)
  3 fungi
  17 plants
20 creatures vanquished.

Grand Total: 349 creatures vanquished

Notes
Turn   | Place    | Note
-------+----------+-------------------------------------------
     0 | D:1      | frimble the Octopode Warper began the quest for the Orb.
     0 | D:1      | Reached XP level 1. HP: 14/14 MP: 3/3
    67 | D:1      | Reached skill level 1 in Stealth
   282 | D:1      | Reached XP level 2. HP: 19/19 MP: 5/5
   446 | D:1      | Reached skill level 2 in Stealth
   822 | D:1      | Reached XP level 3. HP: 14/24 MP: 6/6
  1204 | D:2      | Found a faded altar of an unknown god.
  1218 | D:2      | Reached skill level 3 in Stealth
  1503 | D:2      | Found Unaasch's Distillery.
  1531 | D:2      | Reached XP level 4. HP: 19/29 MP: 7/7
  1780 | D:2      | Learned a level 2 spell: Blink
  2003 | D:2      | Noticed Natasha
  2009 | D:2      | Killed Natasha
  2010 | D:2      | Reached skill level 4 in Stealth
  2335 | D:3      | Reached XP level 5. HP: 34/34 MP: 8/8
  3278 | D:4      | Found a hide-covered altar of Uskayaw.
  3296 | D:4      | Reached skill level 5 in Stealth
  3508 | D:4      | Found a glowing drain.
  3518 | Sewer    | Entered a sewer
  3582 | Sewer    | Noticed a kobold brigand
  3591 | Sewer    | Killed a kobold brigand
  3592 | Sewer    | Reached XP level 6. HP: 39/39 MP: 9/9
  3792 | Sewer    | Reached skill level 6 in Stealth
  4390 | Sewer    | Reached skill level 5 in Short Blades
  4997 | D:4      | Reached skill level 7 in Stealth
  4997 | D:4      | Reached XP level 7. HP: 41/45 MP: 10/10
  5780 | D:5      | Entered Level 5 of the Dungeon
  6195 | D:5      | Noticed Grinder
  6200 | D:5      | Paralysed by Grinder for 5 turns
  6217 | D:5      | Killed Grinder
  6218 | D:5      | Reached skill level 8 in Stealth
  6218 | D:5      | Reached XP level 8. HP: 47/50 MP: 11/11
  6294 | D:5      | Noticed Pikel
  6709 | D:5      | Learned a level 3 spell: Frozen Ramparts
  6965 | D:5      | Reached skill level 1 in Ice Magic
  7222 | D:5      | HP: 2/50 [poisoned by a water moccasin]
  7887 | D:5      | Found a shadowy altar of Dithmenos.
  7896 | D:5      | Found a shimmering blue altar of Sif Muna.
  8494 | D:6      | Reached skill level 5 in Translocations
  8693 | D:6      | Reached XP level 9. HP: 49/54 MP: 12/12
  8987 | D:5      | Killed Pikel
  9704 | D:7      | Noticed Duvessa
  9706 | D:7      | Noticed Dowan
  9707 | D:7      | Killed Duvessa
  9716 | D:7      | Killed Dowan
 10545 | D:7      | Reached skill level 5 in Ice Magic
 10569 | D:7      | Reached XP level 10. HP: 45/63 MP: 8/13
 10729 | D:7      | Found a staircase to the Ecumenical Temple.
 10750 | Temple   | Entered the Ecumenical Temple
 11504 | D:8      | Noticed Grum
 11538 | D:8      | Killed Grum
 12202 | D:9      | Found a staircase to the Lair.
 12213 | D:9      | Found a glowing golden altar of the Shining One.
 12215 | D:9      | Noticed an angel
 12224 | D:9      | Found a basalt altar of Yredelemnul.
 12275 | D:9      | Noticed Prince Ribbit
 12275 | D:9      | Noticed a two-headed ogre
 12275 | D:9      | You fall into a shaft and drop 2 floors!
 12275 | D:11     | Noticed a manticore
 12275 | D:11     | Noticed a two-headed ogre
 12277 | D:11     | Killed a manticore
 12285 | D:10     | Entered Level 10 of the Dungeon
 12340 | D:10     | Reached skill level 5 in Fighting
 12655 | D:7      | Reached skill level 5 in Throwing
 13298 | D:8      | Reached skill level 10 in Short Blades
 14777 | D:9      | Noticed Maurice
 14890 | D:9      | Reached skill level 1 in Evocations
 14910 | D:9      | Killed Maurice
 14911 | D:9      | Reached XP level 11. HP: 72/72 MP: 9/14
 15457 | D:9      | Found a staircase to the Orcish Mines.
 15705 | D:9      | Killed Prince Ribbit
 16341 | D:7      | Identified the +1 robe of the Lute {rC+ Archmagi}
 17406 | D:10     | Killed a two-headed ogre
 18692 | D:11     | Killed a two-headed ogre
 18904 | D:11     | Noticed a two-headed ogre
 18918 | D:11     | Killed a two-headed ogre
 18919 | D:11     | Reached skill level 5 in Evocations
 19018 | D:11     | Noticed Urug
 19045 | D:11     | Killed Urug
 19559 | D:11     | Noticed an eight-headed hydra
 19610 | D:12     | Noticed a cyclops
 19969 | D:10     | Noticed a centaur warrior
 20016 | D:10     | Killed a centaur warrior
 20835 | Temple   | Became a worshipper of Cheibriados the Contemplative
 20963 | Lair:1   | Entered Level 1 of the Lair of Beasts
 21035 | Lair:1   | Noticed a five-headed hydra
 21073 | Lair:1   | Reached skill level 1 in Invocations
 21091 | Lair:1   | Reached XP level 12. HP: 34/86 MP: 8/16
 21503 | Lair:1   | Noticed a four-headed hydra
 21526 | Lair:1   | Killed a four-headed hydra
 21804 | Lair:1   | Reached skill level 9 in Stealth
 22574 | Lair:2   | Reached skill level 10 in Fighting
 22633 | Lair:2   | Found a hole to the Spider Nest.
 22713 | Lair:2   | Reached * piety under Cheibriados
 23868 | Lair:3   | Reached skill level 10 in Stealth
 24717 | Lair:3   | Reached skill level 5 in Dodging
 24903 | Lair:3   | Reached ** piety under Cheibriados
 24932 | Lair:3   | Reached skill level 5 in Invocations
 25679 | Lair:4   | Found a staircase to the Shoals.
 25755 | Lair:4   | Noticed a four-headed hydra
 25904 | Lair:5   | Noticed a five-headed hydra
 26226 | Orc:1    | Entered Level 1 of the Orcish Mines
 26226 | Orc:1    | Found Ifil's Assorted Antiques.
 26237 | Orc:1    | Bought a scroll labelled MOF OD UCUONI for 27 gold pieces
 26237 | Orc:1    | Bought a scroll labelled EZAKHL POSETAN for 27 gold pieces
 26245 | D:9      | Acquired a +6 quick blade
 26640 | Orc:1    | Noticed Josephine
 26675 | Orc:1    | Killed Josephine
 26695 | Orc:1    | Reached skill level 11 in Stealth
 26695 | Orc:1    | Noticed a two-headed ogre
 26703 | Orc:1    | a two-headed ogre changed into a faun
 26711 | Orc:1    | Slain by a faun

Illustrated notes

Levels and vault maps discovered:
D:1:      erik_arrival_orb_chamber, layout_basic
D:2:      layout_basic, serial_shops,
          nicolae_shop_temple_entry_statues_fountains, basic_ecumenical_altar,
          serial_bayou_lagoon_a, uniq_natasha
D:3:      layout_basic
D:4:      cheibrodos_old_hovel, layout_basic, eat_drink_and_be_merry_uskayaw,
          cheibrodos_sewer_entry_bend
D:5:      layout_basic, mainiacjoe_overflow_swirl, uniq_grinder, uniq_pikel
D:6:      layout_loops_corners, lightli_orcish_oven
D:7:      layout_basic, minmay_temple_entry_glass, uniq_duvessa
D:8:      layout_basic, uniq_grum
D:9:      layout_loops_corners, grunt_temple_overflow_holy_war,
          lair_entry_dummy, minmay_orc_entry_guard_dogs, uniq_prince_ribbit1,
          uniq_maurice
D:10:     layout_loops_corners, serial_aquarium, aquarium_bridge_square
          [aquarium_subvault_bridge, aquarium_subvault_wall,
          aquarium_subvault_bridge, aquarium_subvault_bridge],
          aquarium_window_corridor_2, aquarium_window_2, aquarium_window_2,
          aquarium_view_2b, aquarium_view_2c
D:11:     layout_small_grid, minmay_misc_feat_roman, uniq_urug
D:12:     layout_roguey [special_room_bee]
Temple:   minmay_crystal_spiral_temple
Lair:1:   layout_regular_city
Lair:2:   layout_cave_shapes, nicolae_spider_entry_tight_spaces
Lair:3:   layout_regular_city, serial_rivers, chequers_serial_rivers_marsh,
          chequers_serial_rivers_micro_d, chequers_serial_rivers_small_3,
          chequers_serial_rivers_micro_a, st_stairs_3
Lair:4:   layout_concentric_octagons, elwin_shoals_entry_rocks,
          chequers_serial_rivers_micro_e
Lair:5:   layout_regular_city
Orc:1:    layout_diamond_mine, serial_shops, shop, uniq_josephine

Skill      XL: |  1  2  3  4  5  6  7  8  9 10 11 12 |
---------------+-------------------------------------+-----
Stealth        | 1 2 3 4 5 7 8 11 | 11.0
Short Blades   | 3 4 5 6 8 9 10 | 10.0
Translocations | 5 |  5.7
Ice Magic      | 3 5 6 |  6.7
Throwing       | 3 5 6 |  6.0
Fighting       | 3 6 9 10 | 10.8
Evocations     | 1 5 |  5.0
Spellcasting   | 3 |  3.0
Invocations    | 1 5 |  5.7
Dodging        | 5 |  5.9

Action                   |  1- 3 |  4- 6 |  7- 9 | 10-12 || total
-------------------------+-------+-------+-------+-------++-------
Melee: Short sword       |    12 |       |       |       ||    12
       Dagger            |    65 |   206 |   233 |   570 ||  1074
       Constrict         |    18 |    46 |    34 |    38 ||   136
       Tentacles         |    10 |    26 |    40 |   123 ||   199
       Quick blade       |       |       |       |    79 ||    79
Throw: Boomerang         |       |       |     1 |       ||     1
       Dart              |       |       |    35 |   195 ||   230
 Cast: Blink             |       |       |    12 |    43 ||    55
       Frozen Ramparts   |       |       |     8 |    47 ||    55
Evoke: Wand              |       |       |     4 |    56 ||    60
  Use: Scroll            |     3 |     6 |     8 |    18 ||    35
       Potion            |     3 |       |     4 |    10 ||    17
 Stab: Sleeping          |     5 |    21 |    24 |    20 ||    70
       Distracted        |       |     1 |     1 |       ||     2
Armor: Skin              |     2 |    14 |     5 |    97 ||   118
Dodge: Dodged            |    40 |   108 |   101 |   228 ||   477

Table legend: (Time is in decaauts)
 A = Elapsed time spent in this place.
 B = Non-inter-level travel time spent in this place.
 C = Inter-level travel time spent in this place.
 D = Time resting spent in this place.
 E = Time spent auto-exploring this place.
 F = Levels seen in this place.
 G = Mean time per level.
                   A        B        C        D        E       F      G
               +--------+--------+--------+--------+--------+-----+--------+
         Total |  27300 |  25552 |   1748 |   1468 |  20613 |  20 | 1365.0 |
       Dungeon |  18963 |  17734 |   1229 |    759 |  14584 |  12 | 1580.2 |
        Temple |    533 |    376 |    157 |      0 |    360 |   1 |  533.0 |
          Lair |   5951 |   5600 |    351 |    214 |   4707 |   5 | 1190.2 |
  Orcish Mines |    515 |    506 |      9 |    335 |     56 |   1 |  515.0 |
         Sewer |   1336 |   1336 |      0 |    159 |    905 |   1 | 1336.0 |
               +--------+--------+--------+--------+--------+-----+--------+

Top non-repeatable levels by time:
     D:9: 2681 daAuts
     D:8: 2326 daAuts
     D:5: 2242 daAuts
  Lair:3: 2158 daAuts
    D:10: 2101 daAuts
  Lair:1: 1835 daAuts
     D:7: 1753 daAuts
     D:6: 1689 daAuts
    D:11: 1366 daAuts
  Lair:2: 1341 daAuts
     D:3: 1340 daAuts
   Sewer: 1336 daAuts
     D:1: 1317 daAuts
     D:4: 1276 daAuts
     D:2: 810 daAuts
